Map: Cyber Forest LE

Players

Namshar - Winner!

  • Race: Zerg Zerg
  • Spawn Location: 11:00

SpaceMarine

  • Race: Protoss Protoss
  • League: Diamond
  • Spawn Location: 5:00

Event: 2019 WCS Summer

VOD

Have the link to the VOD?

Description

Time

  • Played on: July 12, 2019, 7:10 a.m.
  • Length: 9:38

All games in this series

Show
View Real Time Build Order
Export as new Build Order

Namshar Zerg - Winner!

Build Orders: Hatch First 

Get SALT Encoding   

  12  0:00  Drone  
  13  0:12  Overlord  
  13  0:16  Drone  
  14  0:30  Drone  
  15  0:44  Hatchery  
  15  0:48  Drone  
  15  0:51  Drone  
  15  0:55  Drone  
  17  1:11  Spawning Pool  
  17  1:13  Extractor  
  17  1:15  Drone  
  16  1:18  Drone  
  16  1:22  Drone  
  18  1:39  Drone  
  19  1:46  Drone  
  20  1:57  Queen  
  20  1:58  Zergling x4, Queen  
  26  2:04  Overlord  
  26  2:08  Drone  
  27  2:15  Metabolic Boost  
  27  2:18  Drone  
  29  2:30  Drone  
  29  2:31  Drone x2  
  31  2:40  Drone  
  32  2:44  Hatchery  
  30  2:52  Drone  
  30  2:56  Drone x2  
  33  3:00  Drone x2  
  34  3:05  Drone  
  34  3:06  Drone  
  34  3:09  Overlord  
  34  3:10  Overlord  
  36  3:17  Overlord  
  36  3:26  Queen  
  36  3:28  Zergling x2  
  36  3:29  Zergling x8  
  43  3:35  Queen  
  44  3:44  Spore Crawler  
  43  3:48  Spore Crawler  
  43  3:51  Drone x2  
  43  3:52  Drone x2  
  43  3:55  Drone  
  49  3:57  Drone  
  49  3:58  Baneling Nest  
  49  4:00  Drone, Evolution Chamber  
  49  4:03  Drone  
  49  4:11  Drone x8  
  56  4:20  Zergling x2  
  56  4:21  Zergling x4  
  58  4:26  Zergling x2  
  58  4:31  Lair  
  58  4:35  Roach Warren  
  58  4:36  Extractor  
  58  4:38  Extractor  
  54  4:39  Drone x6  
  60  4:49  Spore Crawler  
  60  4:50  Spore Crawler  
  60  4:51  Drone, Spore Crawler  
  58  4:53  Zergling x10  
  58  4:58  Zergling x4  
  65  5:01  Queen  
  65  5:03  Zergling x2  
  65  5:04  Zergling x2  
  66  5:08  Overlord x2  
  66  5:19  Baneling x4  
  66  5:22  Overlord x2  
  66  5:24  Overlord  
  66  5:28  Roach  
  66  5:29  Roach x2  
  66  5:30  Roach x2  
  76  5:38  Roach x2  
  80  5:44  Extractor  
  80  5:45  Overseer  
  80  5:48  Drone x9  
  88  5:51  Roach  
  94  5:57  Roach x2  
  92  6:08  Roach x2  
  92  6:09  Roach x2  
  95  6:15  Drone x8, Extractor  
  102  6:21  Overlord x2  
  102  6:23  Zerg Missile Weapons Level 1  
  100  6:28  Drone x5  
  100  6:30  Drone  
  104  6:47  Glial Reconstitution  
  104  6:48  Centrifical Hooks  
  104  6:53  Drone x4  
  105  7:00  Drone x11  
  107  7:06  Extractor  
  107  7:07  Hydralisk Den  
  104  7:17  Drone x3  
  104  7:18  Drone  
  104  7:20  Hatchery, Pneumatized Carapace  
  104  7:22  Overlord x2  
  107  7:41  Drone, Lurker Den, Grooved Spines  
  107  7:43  Drone x2  
  109  7:44  Zergling x6  
  109  7:45  Overseer  
  109  7:46  Hydralisk x3  
  109  7:49  Roach x2  
  122  7:55  Drone  
  122  7:57  Drone x2  
  122  7:58  Overlord x3  
  125  8:01  Roach x2  
  125  8:05  Ravager  
  130  8:06  Overlord  
  130  8:07  Overlord  
  129  8:15  Roach  
  129  8:21  Ravager x2  
  129  8:22  Overlord x3  
  129  8:24  Extractor  
  129  8:27  Hydralisk x6  
  130  8:31  Extractor  
  141  8:39  Overlord  
  141  8:41  Hydralisk x3, Ravager  
  142  8:42  Zergling x2  
  142  8:43  Zergling x10  
  154  8:49  Roach x3  
  154  8:54  Ravager  
  160  8:56  Roach x4  
  166  9:05  Roach x6  
  169  9:16  Roach x6  
Show
View Real Time Build Order
Export as new Build Order

SpaceMarine Protoss 

Build Orders: 1 Gate Expand, Zealot Archon, Archon Drop 

Get SALT Encoding   

  12  0:00  Probe  
  13  0:12  Probe  
  14  0:19  Pylon  
  14  0:24  Probe  
  15  0:33  Probe  
  15  0:39  Gateway  
  15  0:41  Probe  
  16  0:49  Assimilator  
  17  0:51  Probe  
  18  1:03  Probe  
  19  1:15  Probe  
  20  1:27  Probe  
  20  1:29  Nexus  
  21  1:39  Cybernetics Core  
  21  1:41  Probe  
  22  1:48  Assimilator  
  22  1:53  Probe  
  23  1:56  Pylon  
  23  2:10  Probe  
  24  2:16  Adept, Warp Gate  
  24  2:18  Probe  
  27  2:24  Twilight Council  
  27  2:28  Probe  
  27  2:37  Probe x2  
  29  2:45  Probe x2  
  29  2:46  Stalker  
  33  2:54  Probe  
  33  3:02  Probe  
  34  3:07  Probe  
  34  3:08  Resonating Glaives  
  34  3:10  Probe  
  35  3:19  Probe x2, Gateway  
  37  3:21  Gateway  
  38  3:30  Probe  
  38  3:31  Probe  
  40  3:36  Robotics Facility  
  40  3:43  Probe x2  
  42  3:55  Probe  
  41  3:56  Probe  
  41  3:58  Pylon  
  41  4:02  Assimilator  
  42  4:06  Assimilator  
  42  4:07  Probe  
  42  4:08  Dark Shrine  
  42  4:09  Adept, Gateway  
  45  4:15  Warp Prism  
  44  4:17  Adept x2  
  46  4:36  Probe  
  46  4:37  Probe  
  48  4:40  Adept x3  
  54  4:56  Pylon  
  54  4:58  Pylon  
  54  5:14  Probe x2  
  54  5:20  Dark Templar x4  
  64  5:26  Probe  
  64  5:27  Pylon, Nexus  
  65  5:42  Probe, Archon x2  
  65  5:45  Probe  
  67  5:50  Probe  
  67  5:52  Adept  
  67  5:53  Adept x3  
  67  5:56  Pylon  
  76  5:57  Probe  
  76  5:59  Forge  
  69  6:16  Probe x2  
  70  6:18  Sentry x2  
  70  6:19  Sentry  
  70  6:20  Immortal  
  80  6:33  Probe x2  
  80  6:38  Protoss Ground Weapons Level 1  
  80  6:48  Charge, Probe  
  81  6:56  Probe  
  81  6:57  Immortal  
  80  7:02  Probe  
  80  7:06  Sentry x2, Zealot  
  83  7:11  Gateway  
  83  7:12  Probe  
  83  7:13  Gateway x2  
  83  7:14  Probe, Gateway  
  86  7:15  Probe  
  86  7:17  Zealot  
  88  7:27  Immortal  
  88  7:30  Phoenix  
  88  7:32  Probe x2  
  88  7:36  Gateway  
  94  7:38  Gateway, Pylon  
  94  7:39  Pylon  
  94  7:48  Templar Archives  
  94  7:54  Zealot x3  
  100  7:59  Observer  
  101  8:24  Zealot x8  
  115  8:32  Pylon  
  115  8:34  Pylon  
  115  8:35  Pylon  
  115  8:53  High Templar x6  
  115  8:54  Zealot x3  
  133  8:57  Archon x3  
  113  9:16  Zealot x4  
  84  9:26  Zealot x6  
Tags
 
Add a new tag
Caveats
  • Supply blocks, unpowered buildings, or Contaminate may cause inaccurate times.
  • Supply counts are checked every 10 seconds.